 Dungeon Crawl Stone Soup version 0.30.0-7-g0c4daa9e05 (webtiles) character file.

Game seed: 11932377828371491545

31 Atelerd the Digger (level 3, -2/21 HPs)
             Began as an Octopode Earth Elementalist on May 13, 2023.
             Killed from afar by Sigmund (6 damage)
             ... with a magic dart
             ... on level 2 of the Dungeon.
             The game lasted 00:00:54 (1220 turns).

Atelerd the Digger (Octopode Earth Elementalist)    Turns: 1220, Time: 00:00:54

Health: -2/21      AC:  1    Str:  7    XL:     3   Next: 22%
Magic:  6/6        EV: 13    Int: 19    God:
Gold:   61         SH:  0    Dex: 12    Spells: 5/6 levels left

rFire   . . .        h - +0 dagger
rCold   . . .        (no shield)
rNeg    . . .        (helmet restricted)
rPois   .            (no amulet)
rElec   .            (no ring)
rCorr   .            (no ring)
SInv    .            (no ring)
Will    .....        (no ring)
Stlth   +++          (no ring)
HPRegen 0.23/turn    (no ring)
MPRegen 0.10/turn    (no ring)
                     (no ring)

%: no passive effects
@: no status effects
A: almost no armour, amphibious, 8 rings, camouflage 1, gelatinous body 1,
(nimble swimmer 1), tentacles
a: no special abilities


You were on level 2 of the Dungeon.
You visited 1 branch of the dungeon, and saw 2 of its levels.

You collected 61 gold pieces.

Inventory:

Hand Weapons
 h - a +0 dagger (weapon)
Jewellery
 f - a ring of positive energy
Scrolls
 b - a scroll of immolation {unknown}
 e - 2 scrolls of noise {unknown}
Potions
 a - a potion of magic
 c - a potion of resistance {unknown}
 d - a potion of cancellation {unknown}
 g - a potion of flight {unknown}
 i - a potion of invisibility {unknown}


   Skills:
 - Level 2.0 Dodging
 - Level 2.6 Stealth
 + Level 2.2 Spellcasting
 * Level 1.2 Transmutations
 + Level 3.9 Earth Magic


You had 5 spell levels left.
You knew the following spells:

 Your Spells              Type           Power      Damage    Failure   Level
a - Sandblast             Erth           34%        2d9       3%          1

Your spell library contained the following spells:

 Spells                   Type           Power      Damage    Failure   Level
 Passwall                 Tmut/Erth      10%        N/A       9%          2
 Freeze                   Ice            8%         1d3       17%         1
 Stone Arrow              Conj/Erth      18%        3d8       22%         3
 Frozen Ramparts          Ice            4%         1d1       45%         3
 Hailstorm                Conj/Ice       2%         3d3       45%         3
 Petrify                  Tmut/Erth      12%        N/A       50%         4


Dungeon Overview and Level Annotations

Branches:
Dungeon (2/15)

Altars:

Annotations:
D:2 Sigmund


Innate Abilities, Weirdness & Mutations

You cannot wear most types of armour.
You are amphibious.
You can wear up to eight rings at the same time.
Your skin changes colour to match your surroundings (Stealth+).
Your rubbery body absorbs attacks. (AC +1, EV +1)
((You are camouflaged when in or above water. (Stealth+)))
You have tentacles for arms and can constrict up to eight enemies at once.


Message History

Sigmund moves out of view.
You can't see any susceptible monsters within range! (Use Z to cast anyway.) No target in view!
Found a sling.
Found a stone staircase leading up.
The blast of sand hits Sigmund.
Sigmund is moderately wounded.
Sigmund points at you and mumbles some strange words.
You are confused.
Sigmund is nearby!
Unknown command.
Sigmund is nearby!
Sigmund is nearby!
Okay, then.
You're too confused to cast spells.
You're too confused to cast spells.
Sigmund hits you with a +0 scythe.
You bump into the rock wall.
Sigmund points at you and mumbles some strange words.
You are more confused.
You're too confused to move!
Sigmund casts a spell.
Sigmund flickers and vanishes!
Deactivating autopickup; reactivate with Ctrl-A.
You bump into the rock wall.
Something barely misses you.
You hear some strange, mumbled words.
Something tries to affect you, but you resist.
A bat comes into view.
You're too confused to move!
A magic dart appears from out of thin air!
The magic dart hits you! The bat barely misses you. The bat closely misses you.
Found a book of Minor Magic.
Found a stone staircase leading down.
You feel less confused. The bat barely misses you.
A puff of flame appears from out of thin air!
The puff of flame hits you!
* * * LOW HITPOINT WARNING * * *
A magic dart appears from out of thin air!
The magic dart hits you.
You die...

..#.#).#< .#.#
#.#.#...###.#.#
#.#.#......... #
##.#.#.......###.#
...............#.# ###
#.#)............#
.....#.#...........###:#
...........{...b......>.
.#.#.#.#.###....@#.###.
#.#.# #.#.....# #.##
#.#.# #.#.#...# #...
#.#.# #.#.#...###.##
#.#.###.#.##.......####
#.#........#.##.#..#..
#.#####.#............
................#####
.###.##...##.#..#...#


You could see a bat.

Vanquished Creatures
  A dart slug (D:1)
  A ball python (D:1)
  2 endoplasms (D:1)
  2 goblins (D:1)
  4 hobgoblins (D:1)
  A quokka (D:2)
  4 bats (D:1)
  12 frilled lizards (D:1)
  2 kobolds
  2 rats (D:1)
31 creatures vanquished.

Notes
Turn   | Place    | Note
-------+----------+-------------------------------------------
     0 | D:1      | Atelerd the Octopode Earth Elementalist began the quest for
                  | the Orb.
     0 | D:1      | Reached XP level 1. HP: 11/11 MP: 3/3
   321 | D:1      | Reached XP level 2. HP: 17/17 MP: 3/5
   696 | D:1      | Reached XP level 3. HP: 21/21 MP: 3/6
  1204 | D:2      | Noticed Sigmund
  1220 | D:2      | Killed from afar by Sigmund

Illustrated notes

Levels and vault maps discovered:
D:1:      lightli_arrival_statuegarden, layout_loops_corners,
          grunt_decor_mini_mirrors, glass_columns_a, minmay_lizard_pond
D:2:      layout_basic, nrook_mini_vaults, minmay_distorted, uniq_sigmund,
          uniq_crazy_yiuf_cottage

Action                     || total
---------------------------++-------
  Melee: Unarmed           ||    19
         Constrict         ||     7
         Tentacles         ||     4
         Dagger            ||     1
   Cast: Sandblast         ||    31
   Stab: Sleeping          ||     2
 Armour: Skin              ||     1
  Dodge: Dodged            ||    11
